General information
- name: Skycity5
- type: Custom game
- host: Iceberg-Slim
- saver: TIMG4STRok
map: TirisfalGlades
- players: 7
- length: 10:57
- speed: Fast
- version: 1.22 W3XP
- replay type:

» download(51 KB)
Players
team 1 (winner)

»
TIMG4STRok (
gray | 160 APM | 1755 actions | 10:57)
3 Archmage
2 Summon Water Elemental
1 Brilliance Aura
2 Mountain King
1 Storm Bolt
1 Bash
» actions
| Assign group hotkey | 23 | |
| Basic commands | 74 | |
| Build / train | 41 | |
| ESC pressed | 2 | |
| Enter build submenu | 19 | |
| Enter hero's abilities submenu | 5 | |
| Give item / drop item | 3 | |
| Right click | 853 | |
| Select / deselect | 160 | |
| Select group hotkey | 532 | |
| Use ability | 43 | |
1755 total
» units
| Peasant | 14 | |
| Footman | 10 | |
| Priest | 1 | |
| Spell Breaker | 2 | |
| Sorceress | 1 | |
28 total
» upgrades
» buildings
| Altar of Kings | 1 | |
| Barracks | 1 | |
| Farm | 8 | |
| Scout Tower | 1 | |
| Arcane Tower | 1 | |
| Keep | 2 | |
| Arcane Vault | 1 | |
| Arcane Sanctum | 2 | |
| Town Hall | 1 | |
| Blacksmith | 1 | |
19 total
» build order
00:06 Altar of Kings
00:08 Barracks
00:14 Farm
00:53 Farm
01:34 Farm
01:42 Scout Tower
02:19 Arcane Tower
03:21 Keep
03:21 Keep
03:46 Farm
03:55 Arcane Vault
05:31 Farm
05:35 Farm
05:43 Arcane Sanctum
05:44 Arcane Sanctum
08:13 Farm
08:16 Farm
10:10 Town Hall
10:16 Blacksmith
» items
team 2 (loser)

»
BRAUMS (
pink | 130 APM | 1417 actions | 10:55)
3 Archmage
2 Summon Water Elemental
1 Brilliance Aura
1 Mountain King
1 Storm Bolt
» actions
| Assign group hotkey | 22 | |
| Basic commands | 78 | |
| Build / train | 36 | |
| ESC pressed | 1 | |
| Enter build submenu | 17 | |
| Enter hero's abilities submenu | 4 | |
| Give item / drop item | 1 | |
| Right click | 686 | |
| Select / deselect | 318 | |
| Select group hotkey | 211 | |
| Use ability | 43 | |
1417 total
» units
| Peasant | 6 | |
| Footman | 8 | |
| Priest | 1 | |
| Spell Breaker | 2 | |
17 total
» upgrades
» buildings
| Altar of Kings | 1 | |
| Farm | 7 | |
| Barracks | 1 | |
| Scout Tower | 1 | |
| Arcane Tower | 3 | |
| Lumber Mill | 2 | |
| Arcane Vault | 1 | |
| Keep | 1 | |
| Blacksmith | 1 | |
| Arcane Sanctum | 2 | |
| Castle | 1 | |
21 total
» build order
00:04 Altar of Kings
00:05 Farm
00:23 Barracks
00:40 Farm
01:32 Scout Tower
02:02 Arcane Tower
02:03 Arcane Tower
02:16 Farm
02:55 Lumber Mill
03:21 Arcane Vault
03:25 Keep
03:45 Lumber Mill
04:08 Farm
06:07 Farm
06:36 Blacksmith
07:31 Arcane Sanctum
08:02 Arcane Sanctum
08:32 Farm
09:12 Farm
10:08 Castle
» items
| Boots of Speed | 2 | |
| Scroll of Regeneration | 3 | |
| Lesser Clarity Potion | 1 | |
| Scroll of Town Portal | 1 | |
7 total
observersIceberg-Slim,
bLinn,
greedoFthenoob,
atouchofherlips,
jerund Chat log
(00:14 / All) BRAUMS: On the grind.
(00:35 / All) TIMG4STRok: turk be quiet
(00:38 / All) BRAUMS: dam kid
(00:39 / All) TIMG4STRok: your speakers are too loud
(01:29 / All) BRAUMS: This ain't no zaku, boy.
(02:57 / All) TIMG4STRok: lagging
(02:58 / All) TIMG4STRok: might drop
(03:00 / All) TIMG4STRok: aint a dodge
(03:02 / All) TIMG4STRok: save game if i do
(03:03 / All) BRAUMS: who cares
(03:04 / All) BRAUMS: its not a
(03:06 / All) TIMG4STRok: i care........
(03:09 / All) BRAUMS: well
(10:54 / All) BRAUMS: gg